 Dungeon Crawl Stone Soup version 0.23.0-3-gf3c87f2 (webtiles) character file.

Game seed: 6567241142832796893

7758 Paps the Unseen (level 11, -5/64 HPs)
             Began as a Vampire Enchanter on Feb 20, 2019.
             Was a Believer of Hepliaklqana.
             Slain by a death yak (26 damage)
             ... on level 8 of the Dungeon.
             The game lasted 00:37:31 (11401 turns).

Paps the Unseen (Vampire Enchanter)                Turns: 11401, Time: 00:37:32

Health: -5/64      AC: 12    Str: 15    XL:     11   Next: 1%
Magic:  18/19      EV: 16    Int: 20    God:    Hepliaklqana [**....]
Gold:   420        SH:  0    Dex: 16    Spells: 15/21 levels left

rFire    . . .     SeeInvis +   u - +1 dagger (venom)
rCold    + + +     Gourm    .   (no shield)
rNeg     + + +     Faith    +   F - +2 robe {rC+}
rPois    ∞         Spirit   .   e - +2 hat
rElec    .         Reflect  .   y - +1 cloak
rCorr    .         Harm     .   (no gloves)
MR       ++...                  h - +1 pair of boots
Stlth    +++++++++.             c - amulet of faith
HPRegen  0.00/turn              b - +5 ring of strength
MPRegen  0.16/turn              v - +3 ring of intelligence

@: bloodless, non-regenerating
A: rotting body, reduced essence, antennae 1, fangs 3, thin skeletal structure
1, yellow scales 1, see invisible, clumsy 1, magic resistance 1, unbreathing
a: Bat Form, Recall Ancestor, Ancestor Identity, Renounce Religion


You were on level 8 of the Dungeon.
You worshipped Hepliaklqana.
Hepliaklqana was pleased with you.
You were bloodless.

You visited 2 branches of the dungeon, and saw 10 of its levels.
You also visited: Sewer.

You collected 420 gold pieces.

Inventory:

Hand Weapons
 a - a +2 dagger
 u - a +1 dagger of venom (weapon)
 w - a +4 dagger of protection
Armour
 e - a +2 hat (worn)
 h - a +1 pair of boots (worn)
 y - a +1 cloak (worn)
 F - a +2 robe of cold resistance (worn)
Jewellery
 b - a +5 ring of strength (left hand)
 c - an amulet of faith (around neck)
 k - an uncursed amulet of magic regeneration
 q - an uncursed ring of magical power
 v - a +3 ring of intelligence (right hand)
 A - an uncursed amulet of the acrobat {unknown}
Wands
 g - a wand of enslavement (5)
 s - a wand of polymorph (9)
 x - a wand of scattershot (8)
 z - a wand of flame (17)
 H - a wand of acid (8)
Scrolls
 f - 10 scrolls of identify
 l - 2 scrolls of magic mapping
 n - a scroll of blinking
 o - a scroll of amnesia
 G - 3 scrolls of enchant armour
 I - 3 scrolls of remove curse
Potions
 d - 4 potions of blood
 i - a potion of agility
 j - a potion of mutation
 m - a potion of cancellation
 p - 5 potions of haste
 r - a potion of brilliance
 t - a potion of flight
 B - 4 potions of curing
 C - a potion of lignification


   Skills:
 + Level 2.1 Fighting
 + Level 4.7 Short Blades
 * Level 5.9 Dodging
 * Level 17.4 Stealth
 + Level 5.8 Spellcasting
 + Level 11.7 Hexes


You had 15 spell levels left.
You knew the following spells:

 Your Spells              Type           Power        Failure   Level  Hunger
a - Corona                Hex            ######.      1%          1    None
b - Ensorcelled Hibernat  Hex/Ice        ####..       1%          2    None
c - Confuse               Hex            ######..     1%          3    ##.....

Your spell library contained the following spells:

 Spells                   Type           Power        Failure   Level  Hunger
 Tukima's Dance           Hex            ######..     1%          3    ##.....
 Dazzling Spray           Conj/Hex       ####..       3%          3    ##.....
 Static Discharge         Conj/Air       #.......     32%         3    ##.....
 Lightning Bolt           Conj/Air       #.........   96%         5    #####..
 Ignition                 Fire           #.........   100%        8    #######
 Shatter                  Erth           #.........   100%        9    #######
 Tornado                  Air            #.........   100%        9    #######


Dungeon Overview and Level Annotations

Branches:
Dungeon (9/15)             Temple (1/1) D:4            Lair (0/6) D:9
    Orc: D:9-12

Altars:
Cheibriados
Dithmenos
Elyvilon
Hepliaklqana
Kikubaaqudgha
Makhleb
Okawaru
Ru
Sif Muna
Trog
Uskayaw
Wu Jian
Xom
Zin
The Shining One

Shops:
D:6 !   D:9 [}


Innate Abilities, Weirdness & Mutations

Your body is rotting away.
You thrive on raw meat.
You do not heal naturally.
You are immune to poison.
You have razor-sharp teeth.
You have supernaturally acute eyesight. (SInv)
You can survive without breathing.
Your life essence is reduced to manifest your ancestor. (-10% HP)
You have a pair of small antennae on your head.
You have a somewhat thin skeletal structure. (Dex +2, Stealth)
You are partially covered in yellow scales. (AC +2)
You are clumsy. (Dex -2)
You are resistant to hostile enchantments. (MR+)


Message History

The death yak is lightly wounded.
The death yak gores you!!
Snoop hits the death yak but does no damage.
You hit the death yak but do no damage.
The death yak is poisoned.
The death yak is lightly wounded.
The death yak barely misses you.
Snoop hits the death yak but does no damage.
Snoop hits the death yak but does no damage.
You hit the death yak but do no damage.
The death yak looks as sick as possible!
The death yak is lightly wounded.
There is a stone staircase leading up here.
Snoop barely misses the death yak.
You hit the death yak but do no damage.
The death yak is moderately wounded.
The death yak barely misses you.
You hit the death yak but do no damage.
The death yak is moderately wounded.
The death yak gores you!!
You die...

##############....#
..................#
############..############### #
##.## #...........#
###########..####.######.####
..................# ####.####
⌠...######.######## #.......#
..#.######.##########...##..#
.##..#.....##...@YR...####.##
.##..#....###.###..<.## ##.#
..#......####.# #.#######..#
≈.#.#....#....# #.# ##...##
_.#........######.####..###
..#.....#### #..##...#########
###...#.#### ###.#...### #.....#
.........÷.###.....### #.....#
........>#.......#########.....#


You could see the friendly Snoop the hexer and a death yak.

Vanquished Creatures
  2 death yaks (D:8)
  A two-headed ogre (D:9)
  A queen bee (D:9)
  Prince Ribbit (D:8)
  Sigmund (D:6)
  A wyvern (D:9)
  2 yaks
  Edmund (D:4)
  Menkaure (D:4)
  3 orc warriors
  Purgy (D:4)
  A phantom (D:7)
  2 ice beasts
  7 ogres
  A crocodile (Sewer)
  2 centaurs
  7 bullfrogs
  4 scorpions
  11 killer bees (D:9)
  3 wights (D:9)
  6 hounds
  3 orc priests
  2 bullfrog skeletons (D:5)
  12 orc wizards
  Crazy Yiuf (D:3)
  3 centaur skeletons
  3 iguanas
  A hexer (D:9)
  2 worker ants
  3 hound skeletons
  2 gnolls
  6 adders
  A river rat (D:3)
  A shadow imp (D:6)
  An ooze (D:3)
  An adder skeleton (D:4)
  7 worms
  4 leopard geckos
  23 orcs
  A giant cockroach (D:4)
  2 hobgoblins (D:2)
  15 jackals
  11 quokkas
  3 ball pythons
  8 bats
  3 frilled lizards
  A giant cockroach zombie (D:5)
  6 goblins
  6 kobolds
  A quokka zombie (D:7)
  2 rats (D:1)
194 creatures vanquished.

Vanquished Creatures (collateral kills)
  A hungry ghost (D:8)
  A black bear (D:9)
  An ice beast (D:5)
  A bullfrog (D:9)
  A wyvern skeleton (D:9)
  4 killer bees (D:9)
  4 orc wizards
  A hound zombie (D:8)
  A worker ant zombie (D:5)
  An adder (D:9)
  7 orcs
23 creatures vanquished.

Vanquished Creatures (others)
  3 hexers
3 creatures vanquished.

Grand Total: 220 creatures vanquished

Notes
Turn   | Place    | Note
-------+----------+-------------------------------------------
     0 | D:1      | Paps the Vampire Enchanter began the quest for the Orb.
     0 | D:1      | Reached XP level 1. HP: 13/13 MP: 3/3
   943 | D:2      | Reached XP level 2. HP: 15/19 MP: 5/5
  1071 | D:2      | Learned a level 2 spell: Ensorcelled Hibernation
  1087 | D:2      | Reached skill level 5 in Hexes
  1190 | D:2      | Reached skill level 5 in Stealth
  1190 | D:2      | Reached XP level 3. HP: 19/25 MP: 3/6
  1195 | D:2      | Learned a level 3 spell: Confuse
  1703 | D:2      | Found a glowing golden altar of the Shining One.
  2007 | D:3      | Reached XP level 4. HP: 31/31 MP: 7/7
  2017 | D:3      | Reached skill level 6 in Stealth
  2031 | D:3      | Found a glowing drain.
  2053 | Sewer    | Entered a sewer
  2100 | Sewer    | Noticed a crocodile
  2109 | Sewer    | Killed a crocodile
  2109 | Sewer    | Reached skill level 1 in Fighting
  2109 | Sewer    | Reached skill level 7 in Stealth
  2109 | Sewer    | Reached XP level 5. HP: 21/37 MP: 8/8
  2675 | D:3      | Reached skill level 8 in Stealth
  2773 | D:3      | Found a runed translucent door.
  2774 | D:3      | Noticed Crazy Yiuf
  2781 | D:3      | Killed Crazy Yiuf
  2781 | D:3      | Reached XP level 6. HP: 43/43 MP: 9/9
  2959 | D:4      | Noticed Purgy
  2981 | D:4      | Reached skill level 9 in Stealth
  3241 | D:4      | Killed Purgy
  3241 | D:4      | Reached XP level 7. HP: 48/48 MP: 11/11
  3579 | D:4      | Noticed Menkaure
  3598 | D:4      | Killed Menkaure
  3598 | D:4      | Reached skill level 10 in Stealth
  3810 | D:4      | Gained mutation: You have a pair of small antennae on your
                  | head. [potion of mutation]
  3810 | D:4      | Gained mutation: You are frail. (-10% HP) [potion of
                  | mutation]
  3810 | D:4      | Gained mutation: You are resistant to hostile enchantments.
                  | (MR+) [potion of mutation]
  3810 | D:4      | Gained mutation: You have large cloven feet. [potion of
                  | mutation]
  3954 | D:4      | Noticed Edmund
  3962 | D:4      | Killed Edmund
  3962 | D:4      | Reached XP level 8. HP: 46/48 MP: 12/12
  4113 | D:4      | Found a staircase to the Ecumenical Temple.
  4124 | Temple   | Entered the Ecumenical Temple
  4143 | Temple   | Became a worshipper of Hepliaklqana the Forgotten
  4258 | D:4      | Found a deep blue altar of Sif Muna.
  4263 | D:4      | Found a shadowy altar of Dithmenos.
  4303 | D:5      | Entered Level 5 of the Dungeon
  4361 | D:5      | Reached skill level 11 in Stealth
  4487 | D:5      | Reached skill level 12 in Stealth
  4697 | D:5      | Found a white marble altar of Elyvilon.
  4697 | D:5      | Found a glowing silver altar of Zin.
  5056 | D:6      | Reached skill level 10 in Hexes
  5118 | D:6      | Reached XP level 9. HP: 47/47 MP: 12/14
  5142 | D:6      | Found Orasap's Distillery.
  5177 | D:6      | Reached skill level 13 in Stealth
  5227 | D:6      | Reached * piety under Hepliaklqana
  5337 | D:6      | Noticed Sigmund
  5347 | D:6      | Killed Sigmund
  5377 | D:6      | Found a bloodstained altar of Trog.
  5953 | D:7      | Reached skill level 14 in Stealth
  6573 | D:7      | Lost mutation: You have large cloven feet. [potion of
                  | mutation]
  6573 | D:7      | Lost mutation: You are resistant to hostile enchantments.
                  | (MR+) [potion of mutation]
  6573 | D:7      | Lost mutation: You are frail. (-10% HP) [potion of
                  | mutation]
  6573 | D:7      | Gained mutation: You have a somewhat thin skeletal
                  | structure. (Dex +2, Stealth) [potion of mutation]
  6573 | D:7      | Gained mutation: You are partially covered in yellow
                  | scales. (AC +2) [potion of mutation]
  6573 | D:7      | Gained mutation: You are clumsy. (Dex -2) [potion of
                  | mutation]
  6573 | D:7      | Gained mutation: You are resistant to hostile enchantments.
                  | (MR+) [potion of mutation]
  6604 | D:7      | Reached ** piety under Hepliaklqana
  6611 | D:7      | Remembered your ancestor Snoop as a hexer
  6648 | D:7      | Reached skill level 15 in Stealth
  6911 | D:8      | Noticed Prince Ribbit
  6934 | D:8      | Killed Prince Ribbit
  7650 | D:8      | Found an ancient bone altar of Kikubaaqudgha.
  7669 | D:8      | Reached XP level 10. HP: 60/60 MP: 14/17
  7904 | D:8      | Found a deep blue altar of Sif Muna.
  7969 | D:9      | Found Biatoif's Gadget Boutique.
  7983 | D:9      | Found Nummyij's Antique Armour Shoppe.
  7991 | D:9      | HP: 2/60 [killer bee (3)]
  9011 | D:9      | Reached skill level 5 in Spellcasting
  9015 | D:9      | Reached skill level 16 in Stealth
  9296 | D:9      | Noticed a two-headed ogre
  9299 | D:9      | Reached skill level 5 in Dodging
  9306 | D:9      | Killed a two-headed ogre
  9452 | D:9      | Found a staircase to the Lair.
  9452 | D:9      | Noticed a death yak
  9459 | D:9      | Noticed a death yak
  9509 | D:8      | HP: 3/60 [death yak (30)]
 10204 | D:8      | Killed a death yak
 10204 | D:8      | Reached skill level 17 in Stealth
 10685 | D:9      | Noticed a death yak
 10768 | D:8      | Killed a death yak
 11266 | D:8      | Reached XP level 11. HP: 59/64 MP: 12/19
 11401 | D:8      | Slain by a death yak

Skill      XL: |  1  2  3  4  5  6  7  8  9 10 |
---------------+-------------------------------+-----
Hexes          | 5 6 7 8 10 11 | 11.7
Stealth        | 5 7 8 9 10 12 15 17 | 17.4
Fighting       | 1 2 |  2.1
Short Blades   | 2 3 4 |  4.7
Spellcasting   | 3 4 5 |  5.8
Dodging        | 3 4 5 |  5.9

Action                   |  1- 3 |  4- 6 |  7- 9 | 10-12 || total
-------------------------+-------+-------+-------+-------++-------
Melee: Dagger            |    91 |    73 |   201 |   120 ||   485
       Bite              |     6 |     8 |    12 |    18 ||    44
 Cast: Ensorcelled Hiber |     2 |    36 |    81 |    41 ||   160
       Confuse           |       |     6 |    19 |     8 ||    33
Invok: Ancestor Identity |       |       |     1 |       ||     1
       Ancestor Life: He |       |       |     1 |       ||     1
       Recall Ancestor   |       |       |       |     1 ||     1
 Abil: End Transformatio |       |       |       |     4 ||     4
       Bat Form          |       |       |       |     4 ||     4
  Use: Scroll            |     2 |       |    19 |       ||    21
       Potion            |       |     1 |     4 |     7 ||    12
 Stab: Sleeping          |    15 |    36 |    71 |    16 ||   138
       Confused          |       |       |    12 |     8 ||    20
       Distracted        |       |       |     2 |       ||     2
Armor: Robe              |    24 |    27 |    42 |    44 ||   137
Dodge: Dodged            |    42 |    52 |   126 |   129 ||   349
